 Dungeon Crawl Stone Soup version 0.30-a0-1066-g63dfefce0d (webtiles) character file.

Game seed: 6730851570970783723

4 cforsyth the Caller (level 1, -1/11 HPs)
             Began as an Octopode Summoner on Apr 12, 2023.
             Succumbed to a goblin's poison
             ... on level 1 of the Dungeon.
             The game lasted 00:01:24 (151 turns).

cforsyth the Caller (Octopode Summoner)              Turns: 151, Time: 00:01:24

Health: -1/11      AC:  1    Str:  7    XL:     1   Next: 70%
Magic:  0/3        EV: 13    Int: 17    God:
Gold:   0          SH:  0    Dex: 12    Spells: 3/4 levels left

rFire   . . .      SeeInvis .    (no weapon)
rCold   . . .      Faith    .    (no shield)
rNeg    . . .      Spirit   .    (helmet restricted)
rPois   .          Reflect  .    (no amulet)
rElec   .          Rampage  .    (no ring)
rCorr   .                        (no ring)
Will    .....                    (no ring)
Stlth   +++                      (no ring)
HPRegen 0.21/turn                (no ring)
MPRegen 0.08/turn                (no ring)
                                 (no ring)
                                 (no ring)

@: lethally poisoned (-1 -> -13)
A: almost no armour, amphibious, 8 rings, camouflage 1, gelatinous body 1,
(nimble swimmer 1), tentacles
a: no special abilities


You were on level 1 of the Dungeon.
You visited 1 branch of the dungeon, and saw 1 of its levels.

Inventory:

Potions
 a - a potion of magic


   Skills:
 - Level 2.0 Dodging
 - Level 2.6 Stealth
 + Level 2.2 Spellcasting
 + Level 4.1 Summonings


You had 3 spell levels left.
You knew the following spells:

 Your Spells              Type           Power      Damage    Failure   Level
a - Summon Small Mammal   Summ           60%        N/A       3%          1

Your spell library contained the following spells:

 Spells                   Type           Power      Damage    Failure   Level
 Call Imp                 Summ           30%        N/A       5%          2
 Call Canine Familiar     Summ           15%        N/A       11%         3
 Summon Guardian Golem    Hex/Summ       8%         N/A       24%         3
 Summon Lightning Spire   Summ/Air       8%         N/A       63%         4


Dungeon Overview and Level Annotations

Branches:
Dungeon (1/15)

Altars:


Innate Abilities, Weirdness & Mutations

You cannot wear most types of armour.
You are amphibious.
You can wear up to eight rings at the same time.
Your skin changes colour to match your surroundings (Stealth+).
Your rubbery body absorbs attacks. (AC +1, EV +1)
((You are camouflaged when in or above water. (Stealth+)))
You have tentacles for arms and can constrict up to eight enemies at once.


Message History

The plant begins to die.
The hobgoblin hits the plant.
A nearby plant withers and dies. x2; Your quokka bites the plant.
The plant begins to die.
The hobgoblin hits the plant.
Casting: Summon Small Mammal (safe; 3% risk of failure)
Confirm with . or Enter, or press ? or * to list all spells.
Your quokka bites the plant.
The goblin hits your bat with a +2 dagger of venom.
Your bat is poisoned.
The kobold barely misses you.
Your bat dies!
Your bat's corpse disappears in a puff of smoke!
A nearby plant withers and dies.
Your quokka bites the plant.
The quokka misses your quokka.
There is a staircase leading out of the dungeon here.
The kobold attacks as you move away! The kobold hits you with a +0 dagger.
Your quokka misses the kobold. The kobold attacks as you move away!
The kobold closely misses you.
A nearby plant withers and dies. x3; The quokka bites your quokka.
Your quokka bites the kobold.
You closely miss the kobold. You grab the kobold.
You squeeze the kobold, but do no damage.
The kobold is moderately wounded.
You constrict the kobold, but do no damage.
The quokka bites your quokka.
Your quokka dies!
Your quokka's corpse disappears in a puff of smoke!
The kobold closely misses you.
You tentacle-slap the kobold but do no damage.
You squeeze the kobold.
You kill the kobold!
The hobgoblin hits the plant.
The plant begins to die.
You completely miss the goblin. You grab the goblin. You squeeze the goblin.
The goblin is moderately wounded.
You constrict the goblin.
The goblin hits you with a +2 dagger of venom.
* * * LOW HITPOINT WARNING * * *
You are lethally poisoned!
The quokka misses you.
You release your grip on the goblin.
You die...

.....PPP.PP..PP.P..PPP#
......P.PP.P..PP..P..P#
###...P.P.PP.P....P..P#
..#..PP.P.P.P...P.P...#
.....P..P..P.).P......#
.............)P..PP...#
...#...P..P.....PP..PP#
r#....PP.PP......P.PPP#
.....PPP...P..r.@.PPPP#


....#PPPPPP..gg.PPPPPP# .....P.PPPPPPPPPPPPPPP# .......################ .......
...... ...... ... You could see a quokka, a hobgoblin and a goblin.

Vanquished Creatures
  A kobold (D:1)
1 creature vanquished.

Vanquished Creatures (collateral kills)
  An endoplasm (D:1)
  A goblin (D:1)
  A kobold (D:1)
3 creatures vanquished.

Vanquished Creatures (others)
  64 plants (D:1)
64 creatures vanquished.

Grand Total: 68 creatures vanquished

Notes
Turn   | Place    | Note
-------+----------+-------------------------------------------
     0 | D:1      | cforsyth the Octopode Summoner began the quest for the Orb.
     0 | D:1      | Reached XP level 1. HP: 11/11 MP: 3/3
    13 | D:1      | Found a faded altar of an unknown god.
   151 | D:1      | Succumbed to a goblin's poison

Illustrated notes

Levels and vault maps discovered:
D:1:      roderic_crop_circles_arrival_small, layout_basic,
          basic_ecumenical_altar

Action                     || total
---------------------------++-------
  Melee: Unarmed           ||    50
         Constrict         ||    35
         Tentacles         ||    20
         Punch             ||     1
   Cast: Summon Small Mamm ||     7
   Stab: Distracted        ||     1
 Armour: Skin              ||     1
  Dodge: Dodged            ||    11

Table legend: (Time is in decaauts)
 A = Elapsed time spent in this place.
 B = Non-inter-level travel time spent in this place.
 C = Inter-level travel time spent in this place.
 D = Time resting spent in this place.
 E = Time spent auto-exploring this place.
 F = Levels seen in this place.
 G = Mean time per level.
                   A        B        C        D        E       F      G
               +--------+--------+--------+--------+--------+-----+--------+
         Total |    151 |    151 |      0 |      0 |     11 |   1 |  151.0 |
       Dungeon |    151 |    151 |      0 |      0 |     11 |   1 |  151.0 |
               +--------+--------+--------+--------+--------+-----+--------+

Top non-repeatable levels by time:
     D:1: 151 daAuts
